 Dungeon Crawl Stone Soup version 0.25-a0-934-g041635d5d1 (webtiles) character file.

Game seed: 11861556024653580822, levelgen mode: deterministic

28538 Samae the Geomancer (level 13, -12/76 HPs)
             Began as a Gargoyle Earth Elementalist on May 4, 2020.
             Was an Elder of Vehumet.
             Mangled by a phantasmal warrior (18 damage)
             ... led by a death knight
             ... on level 13 of the Dungeon.
             The game lasted 00:32:16 (16407 turns).

Samae the Geomancer (Gargoyle Earth Elementalist)  Turns: 16407, Time: 00:32:17

Health: -12/76     AC: 24    Str: 18    XL:     13   Next: 39%
Magic:  18/26      EV: 14    Int: 26    God:    Vehumet [****..]
Gold:   968        SH:  0    Dex: 10    Spells: 18/30 levels left

rFire    . . .     SeeInvis +   B - +7 dire flail (elec)
rCold    . . .     Gourm    .   (shield currently unavailable)
rNeg     + . .     Faith    .   z - +1 steam dragon scales
rPois    ∞         Spirit   .   C - +1 hat {SInv}
rElec    +         Reflect  .   G - +2 cloak {MR+}
rCorr    .         Harm     .   s - +0 pair of gloves
MR       +....                  (no boots)
Stlth    +++.......             P - amulet of rage
HPRegen  0.22/turn              i - +3 ring of intelligence
MPRegen  0.20/turn              J - +4 ring of strength

@: no status effects
A: talons 1, thin metallic scales 1, camouflage 1, clever 1, negative energy
resistance 1, electricity resistance, strong 1, unbreathing, petrification
resistance, rot immunity, subdued magic 1, AC +9
a: Renounce Religion, Evoke Berserk Rage


You were on level 13 of the Dungeon.
You worshipped Vehumet.
Vehumet was greatly pleased with you.
You were not hungry.

You visited 2 branches of the dungeon, and saw 14 of its levels.
You also visited: Sewer.

You collected 968 gold pieces.

Inventory:

Hand Weapons
 p - a +2 flail of protection
 B - a +7 dire flail of electrocution (weapon)
 L - a +0 morningstar
Missiles
 b - 157 stones (quivered)
 I - a throwing net
Armour
 l - a scarf of cloud immunity
 s - a +0 pair of gloves (worn)
 z - +1 steam dragon scales (worn)
 A - a +1 robe of fire resistance
 C - a +1 hat of see invisible (worn)
 G - a +2 cloak of magic resistance (worn)
 U - a +2 robe of cold resistance
Jewellery
 i - a +3 ring of intelligence (left hand)
 j - an uncursed ring of protection from cold
 o - a +4 ring of strength
 v - an uncursed ring of see invisible
 D - an uncursed ring of fire
 F - an uncursed ring of protection from cold
 H - an uncursed ring of protection from magic
 J - a +4 ring of strength (right hand)
 P - an amulet of rage (around neck)
 R - an uncursed amulet of regeneration
Wands
 g - a wand of paralysis (9)
 q - a wand of disintegration (18)
 y - a wand of flame (8)
 N - a wand of clouds (2)
 O - a wand of scattershot (2)
Scrolls
 c - a scroll of teleportation
 f - 3 scrolls of amnesia
 m - 4 scrolls of remove curse
 r - 2 scrolls of fear
 x - 2 scrolls of magic mapping
 K - a scroll of fog
 S - a scroll of blinking
Potions
 a - 2 potions of stabbing
 e - a potion of heal wounds
 h - 2 potions of resistance
 k - 3 potions of magic
 n - 6 potions of curing
 t - 5 potions of flight
 u - 2 potions of ambrosia
 w - 2 potions of haste
 E - a potion of lignification
 M - a potion of brilliance {unknown}
 Q - 2 potions of cancellation
Comestibles
 d - 10 rations
 T - 2 chunks of flesh


   Skills:
 + Level 7.4 Fighting
 + Level 6.7 Maces & Flails
 - Level 6.0 Armour
 + Level 6.0 Dodging
 - Level 2.1 Stealth
 + Level 9.3 Spellcasting
 + Level 10.6 Conjurations
   Level 0.7 Transmutations
 + Level 12.3 Earth Magic
 - Level 6.0 Evocations


You had 18 spell levels left.
You knew the following spells:

 Your Spells              Type           Power        Failure   Level  Hunger
a - Sandblast             Erth           ######       0%          1    None
b - Stone Arrow           Conj/Erth      ######       1%          3    None
c - Lee's Rapid Deconstr  Erth           ######....   1%          5    ####...
d - Mephitic Cloud        Conj/Pois/Air  ###.....     1%          3    None

Your spell library contained the following spells:

 Spells                   Type           Power        Failure   Level  Hunger
 Irradiate                Conj/Tmut      ####......   3%          5    ####...
 Magic Dart               Conj           ####         1%          1    None
 Passwall                 Tmut/Erth      #####...     1%          2    None
 Conjure Flame            Conj/Fire      ####....     1%          3    None
 Petrify                  Tmut/Erth      #####...     2%          4    #......
 Blink                    Tloc           N/A          6%          2    None
 Call Imp                 Summ           #.......     6%          2    None
 Slow                     Hex            #.......     6%          2    None


Dungeon Overview and Level Annotations

Branches:
Dungeon (13/15)            Temple (1/1) D:6            Lair (0/6) D:8
    Orc (0/2) D:11          Sewer (visited)
 Vaults: D:13-14

Altars:
Ashenzari
Cheibriados
Dithmenos
Elyvilon
Fedhas
Gozag
Hepliaklqana
Kikubaaqudgha
Makhleb
Nemelex Xobeh
Okawaru
Qazlal
Ru
Sif Muna
Trog
Uskayaw
Vehumet
Wu Jian
Xom
Yredelemnul
Zin
The Shining One

Shops:
D:13 :

Annotations:
D:8 2 transporters
D:9 3 runed translucent doors, Maedhros's ghost, novice OpAr


Innate Abilities, Weirdness & Mutations

You are resistant to torment.
Your stone body is resilient. (AC +9)
You are immune to poison.
You resist negative energy. (rN+)
You are resistant to electric shocks. (rElec)
You can survive without breathing.
You are immune to petrification.
You are immune to rotting.
You have sharp toenails.
You are partially covered in thin metallic scales. (AC +2)
Your skin changes colour to match your surroundings (Stealth+).
Your mind is acute. (Int +2)
Your muscles are strong. (Str +2)
Your spells are a little easier to cast, but a little less powerful.


Message History

Press: ? - help, Shift-Dir - straight line, f/p - phantasmal warrior
Aim: a phantasmal warrior (lightly damaged)
The blast of sand hits the phantasmal warrior but does no damage.
The phantasmal warrior is lightly damaged.
b - 158 stones A freezing wraith comes into view.
The phantasmal warrior hits you but does no damage.
Casting: Sandblast (safe; 0% risk of failure)
Confirm with . or Enter, or press ? or * to list all spells.
Aiming: Sandblast (safe; 0% risk of failure)
Press: ? - help, Shift-Dir - straight line, f/p - phantasmal warrior
Aim: a phantasmal warrior (lightly damaged)
The blast of sand hits the phantasmal warrior but does no damage.
The phantasmal warrior is lightly damaged.
b - 157 stones The freezing wraith hits you!
The freezing wraith freezes you!!
* * * LOW HITPOINT WARNING * * *
The freezing wraith hits you but does no damage.
The phantasmal warrior hits you!!
You die...

#.# #.###.#####.#
#.# #.##........#
#.# #.##..#####...
#.#
#.##..#####.###
#.# #.............
#.#
####..#####.#.#.#
####.#
#..#)........#
.....#
#....W........
.#####
#.##@###.#.### .#
#. #W# .# # .# #.
#.# # ∩###### #.
... .##...## ##
#.#
.......#########.#
##........<......#
#.....###########
##.).##


You could see a phantasmal warrior and a freezing wraith.

Vanquished Creatures
  Snorg (D:11)
  Josephine (D:13)
  2 hydras
  2 death knights
  4 two-headed ogres
  A centaur warrior (D:13)
  Sonja (D:11)
  Nergalle (D:11)
  3 skeletal warriors (D:12)
  2 unseen horrors
  3 ugly things
  A deep elf mage (D:9)
  A cyclops (D:12)
  Maurice (D:9)
  A manticore (D:10)
  3 centaur zombies
  Maggie (D:6)
  3 kobold demonologists (D:11)
  2 trolls
  2 tengu conjurers (D:13)
  A merfolk (D:9)
  4 hippogriffs
  Sigmund (D:5)
  A wyvern (D:12)
  16 yaks
  6 wraiths
  A vampire (D:12)
  Eustachio (D:5)
  A basilisk (D:10)
  A steam dragon (D:8)
  Menkaure (D:5)
  A soldier ant (D:10)
  An acid dragon (D:11)
  2 water moccasins (D:8)
  Duvessa (D:4)
  5 orc warriors
  A sky beast (D:8)
  3 ice beasts
  A necrophage (D:11)
  2 phantoms
  6 ogres
  14 centaurs
  A crocodile (D:9)
  Blork the orc (D:6)
  3 big kobolds
  4 bullfrogs
  A gnoll sergeant (D:8)
  Dowan (D:4)
  11 killer bees (D:12)
  5 scorpions
  A vampire bat (D:4)
  7 wights
  An electric eel (D:8)
  A howler monkey (D:4)
  2 bullfrog zombies (D:12)
  6 crimson imps
  6 hounds
  3 jellies
  6 orc wizards
  4 orc priests
  A bullfrog skeleton (D:8)
  4 centaur skeletons
  A gnoll shaman (D:9)
  4 iguanas
  5 worker ants
  2 hound zombies
  2 hound skeletons (D:4)
  2 worker ant zombies
  2 howler monkey zombies
  8 gnolls
  2 river rats (Sewer)
  15 adders
  4 shadow imps
  An adder skeleton (D:5)
  A worm (D:2)
  3 dart slugs
  5 leopard geckos
  30 orcs
  4 ball pythons
  6 giant cockroaches
  5 goblins
  4 hobgoblins
  13 jackals
  A quokka (D:10)
  14 bats
  2 frilled lizards
  13 kobolds
  A leopard gecko zombie (D:7)
  7 rats
333 creatures vanquished.

Vanquished Creatures (others)
  An unseen horror (D:11)
1 creature vanquished.

Grand Total: 334 creatures vanquished

Notes
Turn   | Place    | Note
-------+----------+-------------------------------------------
     0 | D:1      | Samae the Gargoyle Earth Elementalist began the quest for
                  | the Orb.
     0 | D:1      | Reached XP level 1. HP: 10/10 MP: 3/3
   461 | D:1      | Reached skill level 4 in Earth Magic
   461 | D:1      | Reached XP level 2. HP: 15/15 MP: 3/5
  1346 | D:2      | Reached XP level 3. HP: 19/19 MP: 6/6
  1351 | D:2      | Learned a level 3 spell: Stone Arrow
  1359 | D:2      | Found an ancient bone altar of Kikubaaqudgha.
  1580 | D:2      | Reached skill level 1 in Conjurations
  1924 | D:2      | Reached XP level 4. HP: 22/24 MP: 8/8
  2749 | D:3      | Gained mutation: Your spells are a little easier to cast,
                  | but a little less powerful. [potion of mutation]
  2749 | D:3      | Gained mutation: You occasionally shout uncontrollably at
                  | your foes. [potion of mutation]
  2749 | D:3      | Gained mutation: Your large and strong wings let you fly
                  | indefinitely. [potion of mutation]
  3009 | D:4      | Reached skill level 5 in Earth Magic
  3021 | D:4      | Noticed Duvessa
  3046 | D:4      | Noticed Dowan
  3069 | D:4      | Killed Dowan
  3069 | D:4      | Reached XP level 5. HP: 28/28 MP: 6/10
  3072 | D:4      | Killed Duvessa
  3072 | D:4      | Reached XP level 6. HP: 16/32 MP: 3/11
  3428 | D:4      | Reached skill level 6 in Earth Magic
  3511 | D:4      | Learned a level 5 spell: Lee's Rapid Deconstruction
  3687 | D:4      | Reached XP level 7. HP: 32/36 MP: 9/13
  4210 | D:5      | Entered Level 5 of the Dungeon
  4212 | D:5      | Noticed Sigmund
  4217 | D:5      | Killed Sigmund
  4217 | D:5      | Reached skill level 7 in Earth Magic
  4223 | D:5      | Reached skill level 5 in Spellcasting
  4223 | D:5      | Reached skill level 5 in Conjurations
  4223 | D:5      | Reached XP level 8. HP: 41/41 MP: 6/15
  4400 | D:5      | Found a glowing drain.
  4414 | Sewer    | Entered a sewer
  4631 | Sewer    | Found a white marble altar of Elyvilon.
  4813 | D:5      | Noticed Menkaure
  4816 | D:5      | Killed Menkaure
  4816 | D:5      | Noticed Eustachio
  4819 | D:5      | Killed Eustachio
  4834 | D:5      | Reached skill level 8 in Earth Magic
  5205 | D:5      | Found an iron altar of Okawaru.
  5599 | D:5      | Lost mutation: Your large and strong wings let you fly
                  | indefinitely. [potion of mutation]
  5599 | D:5      | Lost mutation: You occasionally shout uncontrollably at
                  | your foes. [potion of mutation]
  5599 | D:5      | Gained mutation: You have sharp toenails. [potion of
                  | mutation]
  5599 | D:5      | Gained mutation: Your muscles are strong. (Str +2) [potion
                  | of mutation]
  5599 | D:5      | Gained mutation: Your mind is acute. (Int +2) [potion of
                  | mutation]
  5996 | D:6      | Reached XP level 9. HP: 45/45 MP: 15/18
  6173 | D:6      | Noticed Maggie
  6175 | D:6      | Found a shattered altar of Ashenzari.
  6194 | D:6      | Reached skill level 9 in Earth Magic
  6308 | D:6      | Noticed Blork the orc
  6310 | D:6      | Killed Blork the orc
  6331 | D:6      | Found a staircase to the Ecumenical Temple.
  6342 | Temple   | Entered the Ecumenical Temple
  6571 | D:6      | Killed Maggie
  6831 | D:6      | Found a shimmering blue altar of Sif Muna.
  7187 | D:7      | Found a snail-covered altar of Cheibriados.
  7187 | D:7      | Found a sacrificial altar of Ru.
  7240 | D:7      | Found a glowing silver altar of Zin.
  7266 | D:7      | Reached skill level 1 in Fighting
  7285 | D:7      | Reached skill level 1 in Armour
  7288 | D:7      | Reached skill level 1 in Evocations
  7391 | D:7      | Found a sparkling altar of Nemelex Xobeh.
  7394 | D:7      | Reached skill level 1 in Maces & Flails
  7749 | D:6      | Found an ornate altar of the Wu Jian Council.
  7807 | D:7      | Identified a scroll of acquirement
  7854 | D:7      | Found a bloodstained altar of Trog.
  8213 | D:8      | Found a transporter.
  8214 | D:8      | Noticed a troll
  8215 | D:8      | Noticed a cyclops
  8216 | D:8      | Noticed a two-headed ogre
  8217 | D:8      | Found an iron altar of Okawaru.
  8220 | D:8      | Found a transporter.
  8553 | D:8      | Reached XP level 10. HP: 40/53 MP: 20/20
  8832 | D:8      | Learned a level 3 spell: Mephitic Cloud
  8951 | D:8      | Found a staircase to the Lair.
  8984 | D:8      | Noticed a two-headed ogre
  8992 | D:8      | Killed a two-headed ogre
  8992 | D:8      | Reached skill level 10 in Earth Magic
  9636 | D:9      | Noticed a two-headed ogre
  9636 | D:9      | Noticed a deep elf mage
  9636 | D:9      | Noticed an unseen horror
  9639 | D:9      | Killed a deep elf mage
  9643 | D:9      | Killed an unseen horror
  9648 | D:9      | Killed a two-headed ogre
  9810 | D:9      | Reached XP level 11. HP: 60/60 MP: 22/22
  9858 | D:9      | Found a runed translucent gate.
  9858 | D:9      | Found a runed translucent gate.
  9859 | D:9      | Found a runed translucent gate.
  9859 | D:9      | Noticed a fire dragon
  9860 | D:9      | Noticed Maedhros's ghost (novice OpAr)
 10249 | D:9      | Noticed Maurice
 10259 | D:9      | Killed Maurice
 10372 | D:9      | Found a radiant altar of Vehumet.
 10372 | D:9      | Found a shimmering altar of Xom.
 10378 | D:9      | Became a worshipper of Vehumet
 10791 | D:10     | Entered Level 10 of the Dungeon
 11258 | D:10     | Reached * piety under Vehumet
 11258 | D:10     | Offered knowledge of Shock by Vehumet.
 11714 | D:11     | Noticed a four-headed hydra
 11714 | D:11     | Noticed a manticore
 11714 | D:11     | Noticed an unseen horror
 11728 | D:10     | Killed a four-headed hydra
 11948 | D:11     | Killed an unseen horror
 11952 | D:11     | Reached skill level 5 in Armour
 11963 | D:10     | Killed a manticore
 11963 | D:10     | Reached skill level 11 in Earth Magic
 12168 | D:11     | Reached skill level 5 in Fighting
 12259 | D:11     | Noticed Nergalle
 12293 | D:11     | Killed Nergalle
 12306 | D:11     | Reached ** piety under Vehumet
 12306 | D:11     | Offered knowledge of Searing Ray by Vehumet.
 12358 | D:11     | Noticed a seven-headed hydra
 12369 | D:11     | Killed a seven-headed hydra
 12369 | D:11     | Reached XP level 12. HP: 35/68 MP: 13/24
 12652 | D:11     | Noticed Snorg
 12660 | D:11     | Killed Snorg
 12660 | D:11     | Reached skill level 5 in Maces & Flails
 12855 | D:11     | Found a staircase to the Orcish Mines.
 13050 | D:11     | Noticed Sonja
 13058 | D:11     | Killed Sonja
 13058 | D:11     | Reached skill level 5 in Evocations
 13377 | D:11     | Offered knowledge of Frozen Ramparts by Vehumet.
 13541 | D:12     | Gained mutation: You are partially covered in thin metallic
                  | scales. (AC +2) [potion of mutation]
 13541 | D:12     | Gained mutation: Your skin changes colour to match your
                  | surroundings (Stealth+). [potion of mutation]
 13769 | D:12     | Noticed a two-headed ogre
 13774 | D:12     | Killed a two-headed ogre
 13774 | D:12     | Reached *** piety under Vehumet
 13774 | D:12     | Reached skill level 5 in Dodging
 14345 | D:12     | Reached skill level 10 in Conjurations
 14516 | D:12     | Noticed a two-headed ogre
 14522 | D:12     | Killed a two-headed ogre
 14550 | D:12     | Offered knowledge of Airstrike by Vehumet.
 14864 | D:12     | Reached XP level 13. HP: 67/76 MP: 5/26
 15237 | D:12     | Reached skill level 12 in Earth Magic
 16025 | D:13     | Found Diopp's Book Emporium.
 16066 | D:13     | Reached **** piety under Vehumet
 16106 | D:13     | Offered knowledge of Irradiate by Vehumet.
 16244 | D:13     | Noticed Josephine
 16362 | D:13     | Killed Josephine
 16407 | D:13     | Mangled by a phantasmal warrior

Levels and vault maps discovered:
D:1:      dpeg_arrival_rooms_b, layout_basic, minmay_pentomino_v2
D:2:      layout_loops_ring, overflow_temple_1_default, first_ration,
          guppyfry_early_lair_pool
D:3:      layout_basic
D:4:      minmay_diamond_boxcup, layout_rooms, roderic_batcave, uniq_duvessa
D:5:      kb_forest_paths, layout_basic, portal_sewer_entry_b,
          okawaru_metal_pillars_1_2, uniq_sigmund, uniq_eustachio, uniq_menkaure
D:6:      lemuel_upstairs_altar, layout_loops_ring, led_sif_pool,
          nicolae_ashenzari_panopticon, minmay_temple_entry_poolview,
          uniq_blork_the_orc, uniq_maggie
D:7:      layout_basic, overflow_temple_1_default, kennysheep_mini_moat,
          grunt_temple_overflow_open, basic_altar
D:8:      kennysheep_blocky_hall, layout_gridville,
          gammafunk_temple_overflow_arena, fountainhead
D:9:      layout_roguey, gammafunk_temple_overflow_wave, gammafunk_ghost_split,
          hangedman_fish_farm, kennysheep_small_circle, uniq_maurice
D:10:     layout_long_grid
D:11:     minmay_ambush_box, layout_small_grid, orc_0_dummy, uniq_nergalle,
          uniq_sonja, uniq_snorg
D:12:     layout_stronghold
D:13:     layout_loops_ring, erik_vaults_1, serial_shops, shop, uniq_frances,
          uniq_josephine, uniq_urug
Temple:   hc_temple_tempest_star

Skill      XL: |  1  2  3  4  5  6  7  8  9 10 11 12 13 |
---------------+----------------------------------------+-----
Earth Magic    | 4 5 6 7 8 9 10 11 12 | 12.3
Conjurations   | 1 2 3 5 6 7 8 9 10 | 10.6
Spellcasting   | 3 4 5 6 7 8 9 |  9.3
Fighting       | 1 3 5 6 7 |  7.4
Armour         | 1 3 5 6 |  6.0
Evocations     | 1 3 4 5 6 |  6.0
Maces & Flails | 1 3 4 6 |  6.7
Dodging        | 2 3 4 5 6 |  6.0
Stealth        | |  2.1
Transmutations | |  0.7

Action                   |  1- 3 |  4- 6 |  7- 9 | 10-12 | 13-15 || total
-------------------------+-------+-------+-------+-------+-------++-------
Melee: Unarmed           |    13 |       |       |       |       ||    13
       Short sword       |    72 |    15 |       |       |       ||    87
       Flail             |       |    62 |   137 |       |       ||   199
       Kick              |       |       |    13 |   101 |    15 ||   129
       Scimitar          |       |       |    48 |       |       ||    48
       Dire flail        |       |       |    19 |   416 |    74 ||   509
 Cast: Sandblast         |    21 |    22 |    72 |    89 |    59 ||   263
       Stone Arrow       |       |       |     5 |     7 |       ||    12
       Lee's Rapid Decon |       |       |       |    32 |     4 ||    36
Evoke: Wand              |       |     2 |     1 |     3 |       ||     6
  Use: Scroll            |       |    14 |     5 |     8 |     2 ||    29
       Potion            |       |     2 |     3 |     5 |     1 ||    11
 Stab: Sleeping          |     2 |     2 |     4 |     2 |       ||    10
       Distracted        |       |     1 |       |       |       ||     1
  Eat: Chunk             |     3 |     3 |     9 |    26 |     2 ||    43
       Ration            |       |     1 |     2 |       |     1 ||     4
Armor: Robe              |    38 |    60 |    85 |       |       ||   183
       Steam dragon scal |       |       |    45 |   334 |    86 ||   465
Dodge: Dodged            |    76 |    92 |   170 |   420 |    96 ||   854
       Rpst.: Scimitar   |       |       |     6 |       |       ||     6

Table legend:
 A = Non-vault XP
 B = Vault XP
 C = Vault XP percentage of total XP
 D = Non-vault monster count
 E = Vault monster count
 F = Vault count percentage of total count
                 A         B        C        D         E       F
            +---------+---------+-------+---------+---------+-------
      Total |   30268 |   10501 |  25.8 |     270 |      64 |  19.2
            +---------+---------+-------+---------+---------+-------
        D:1 |      28 |       3 |   9.7 |      14 |       2 |  12.5
        D:2 |      68 |       0 |   0.0 |      19 |       0 |   0.0
        D:3 |      39 |       0 |   0.0 |       5 |       0 |   0.0
        D:4 |     403 |     362 |  47.3 |      15 |      16 |  51.6
        D:5 |     579 |     697 |  54.6 |      10 |       9 |  47.4
        D:6 |     604 |     509 |  45.7 |      10 |       2 |  16.7
        D:7 |     510 |       0 |   0.0 |       8 |       0 |   0.0
        D:8 |    2664 |     328 |  11.0 |      24 |       4 |  14.3
        D:9 |    3801 |     925 |  19.6 |      29 |       4 |  12.1
       D:10 |    1881 |    1717 |  47.7 |      28 |       4 |  12.5
       D:11 |    4854 |    3694 |  43.2 |      45 |       7 |  13.5
       D:12 |   11107 |       0 |   0.0 |      51 |       0 |   0.0
       D:13 |    3730 |    2133 |  36.4 |      12 |       6 |  33.3
      Sewer |       0 |     133 | 100.0 |       0 |      10 | 100.0
            +---------+---------+-------+---------+---------+-------
